 Dungeon Crawl Stone Soup version 0.30.0-29-ga12c61a403 (webtiles) character file.

Game seed: 10438710930845615820

2647 javelincjr the Trooper (level 9, -2/67 HPs)
             Began as a Djinni Conjurer on June 13, 2023.
             Was a Follower of Qazlal.
             Slain by an ice beast (15 damage)
             ... on level 7 of the Dungeon.
             The game lasted 00:23:10 (6555 turns).

javelincjr the Trooper (Djinni Conjurer)            Turns: 6555, Time: 00:23:11

Health: -2/67      AC:  4    Str: 14    XL:     9   Next: 93%
Gold:   325        EV: 14    Int: 22    God:    Qazlal [*.....] SH:  2 Dex: 15

rFire   + + .        B - +3 flail "Lurched" {venom, Dex+3}
rCold   x . .        (no shield)
rNeg    . . .        a - +0 robe
rPois   ∞            i - +0 helmet
rElec   .            d - +0 cloak
rCorr   +            (no gloves)
SInv    .            (boots unavailable)
Will    .....        h - amulet of the acrobat
Stlth   +++          l - +6 ring of strength
HPRegen 0.31/turn    A - ring of resist corrosion
MPRegen 0.00/turn

%: acrobat, infuse magic (-3 HP)
@: flying, very slightly contaminated
A: sickness immunity, fire resistance 2, cold vulnerability 1, float, innate
caster, HP casting, extra vitality 1
a: Renounce Religion


You were on level 7 of the Dungeon.
You worshipped Qazlal.
Qazlal was aware of your devotion.
You visited 1 branch of the dungeon, and saw 7 of its levels.

You collected 325 gold pieces.

Inventory:

Hand Weapons
 g - a +0 dagger
 k - a +0 dagger of venom
 n - a +1 sling of flaming
 y - a +5 club
 B - the +3 flail "Lurched" (weapon) {venom, Dex+3}
   (You found it on level 4 of the Dungeon)

   Dex:       It affects your dexterity (+3).
 I - a +1 mace of protection
Missiles
 G - 2 silver boomerangs
Armour
 a - a +0 robe (worn)
 d - a +0 cloak (worn)
 i - a +0 helmet (worn)
Jewellery
 h - an amulet of the acrobat (around neck)
 l - a +6 ring of strength (left hand)
 A - a ring of resist corrosion (right hand)
 F - a ring of willpower
Wands
 w - a wand of flame (13)
 x - a wand of quicksilver (23)
Scrolls
 c - 5 scrolls of identify {unknown}
 e - a scroll of blinking {unknown}
 f - 5 scrolls of vulnerability {unknown}
 j - 3 scrolls of enchant armour {unknown}
 m - 2 scrolls of fog {unknown}
 p - a scroll of amnesia {unknown}
 t - a scroll of brand weapon {unknown}
 v - 2 scrolls of magic mapping {unknown}
 E - a scroll of poison {unknown}
 H - 2 scrolls of teleportation {unknown}
Potions
 b - 5 potions of curing {unknown}
 o - 2 potions of lignification {unknown}
 q - 2 potions of attraction {unknown}
 r - a potion of mutation {unknown}
 s - 2 potions of degeneration {unknown}
 u - a potion of invisibility
 z - a potion of heal wounds {unknown}
 C - a potion of might {unknown}
 D - a potion of cancellation {unknown}
 J - a potion of brilliance {unknown}


   Skills:
 * Level 6.6 Fighting
 + Level 3.1 Maces & Flails
 - Level 1.3 Ranged Weapons
 + Level 5.7 Dodging
 + Level 4.7 Stealth
 * Level 6.3 Spellcasting


You knew the following spells:

 Your Spells              Type           Power      Damage    Failure   Level
a - Magic Dart            Conj           100%       1d8       1%          1
b - Searing Ray           Conj           68%        2d6       1%          2
c - Dazzling Flash        Conj/Hex       68%        N/A       1%          3
d - Fulminant Prism       Conj/Hex       17%        3d10      7%          4
e - Iskenderun's Mystic   Conj/Tloc      34%        2d8       7%          4
f - Sandblast             Erth           68%        2d15      1%          1
g - Static Discharge      Conj/Air       68%        2-5/arc   1%          2
h - Frozen Ramparts       Ice            68%        1d11      1%          3
i - Vhi's Electric Charg  Tloc/Air       68%        N/A       1%          3
Your spell library was empty.

Dungeon Overview and Level Annotations

Branches:
Dungeon (7/15)             Temple (0/1) D:5

Altars:
Qazlal
Trog
Wu Jian

Shops:
D:2 :   D:3 :   D:7 =((


Innate Abilities, Weirdness & Mutations

You are immune to sickness and miasma.
You are immune to poison.
Your flesh is very heat resistant. (rF++)
You are vulnerable to cold. (rC-)
You float through the air rather than walking.
You learn spells naturally, not from books.
Your magical power is your life essence.
You have superior vitality. (+4 MHP)


Message History

The magic dart hits the ice beast.
The ice beast is lightly wounded.
The phantom hits you but does no damage.
The ice beast hits you. The ice beast freezes you!
You feel a terrible chill!
The magic dart hits the phantom but does no damage.
The phantom is severely damaged.
The phantom hits you.
The phantom blinks!
You blink.
You are too injured to fight recklessly!
Casting: Magic Dart (safe; 1% risk of failure)
Confirm with . or Enter, or press ? or * to list all spells.
You miscast Iskenderun's Mystic Blast.
You are very lightly contaminated with residual magic.
Nothing appears to happen.
The phantom closely misses you.
Unknown command.
Casting: Iskenderun's Mystic Blast (dangerous; 7% risk of failure)
Confirm with . or Enter, or press ? or * to list all spells.
You erupt in a blast of force!
The mystic blast hits the phantom!
The phantom is almost destroyed.
The phantom is knocked back by the mystic blast.
The mystic blast hits the ice beast.
The ice beast is lightly wounded.
The ice beast misses you. The phantom closely misses you.
Casting: Iskenderun's Mystic Blast (dangerous; 7% risk of failure)
Confirm with . or Enter, or press ? or * to list all spells.
You erupt in a blast of force!
The mystic blast hits the phantom!
You destroy the phantom!
Qazlal accepts your kill.
The mystic blast hits the ice beast!
The ice beast is heavily wounded.
The ice beast is knocked back by the mystic blast.
* * * LOW HITPOINT WARNING * * *
Casting: Iskenderun's Mystic Blast (dangerous; 7% risk of failure)
Confirm with . or Enter, or press ? or * to list all spells.
You erupt in a blast of force!
The mystic blast hits the ice beast!
The ice beast is severely wounded.
* * * LOW HITPOINT WARNING * * *
The ice beast hits you.
* * * LOW HITPOINT WARNING * * *
The ice beast freezes you!
You feel a terrible chill!
You die...

#.### ###..#.....
##... #..# ######
#...##..### #...
#.....# #.#. #...#
#.#. #.<.# #.#.
######...# #.##
#.....Y§.# #...
##@§.# #### #...#
.#..########
####>.............
#..#..####<†.. ...
###.. #..######..
..........
#.######.. #..


You could see an ice beast.

Vanquished Creatures
  Pikel (D:7)
  Sigmund (D:5)
  Edmund (D:4)
  3 water moccasins
  2 orc warriors
  A black bear (D:6)
  An ogre (D:5)
  A centaur (D:5)
  A phantom (D:7)
  3 lemures (D:7)
  A bullfrog (D:6)
  2 scorpions
  2 jellies (D:5)
  3 hounds
  A gnoll bouda (D:4)
  6 orc priests
  2 sleepcaps (D:6)
  Ijyb (D:4)
  5 orc wizards
  5 iguanas
  5 gnolls
  10 adders
  2 ufetubi (D:7)
  3 worms (D:2)
  2 dart slugs
  11 orcs
  4 endoplasms
  4 giant cockroaches
  6 goblins
  6 hobgoblins
  9 jackals (D:2)
  2 quokkas (D:1)
  7 ball pythons
  4 bats
  4 frilled lizards
  5 kobolds
  5 rats
132 creatures vanquished.

Vanquished Creatures (others)
  6 fulminant prisms
6 creatures vanquished.

Grand Total: 138 creatures vanquished

Notes
Turn   | Place    | Note
-------+----------+-------------------------------------------
     0 | D:1      | javelincjr the Djinni Conjurer began the quest for the Orb.
     0 | D:1      | javelincjr set off with the following spells memorised:
                  | Magic Dart, Searing Ray, Dazzling Flash, Fulminant Prism,
                  | Iskenderun's Mystic Blast.
     0 | D:1      | Reached XP level 1. HP: 15/15 MP: 0/0
   134 | D:1      | Reached XP level 2. HP: 17/21 MP: 0/0
   491 | D:1      | Reached skill level 1 in Fighting
   491 | D:1      | Reached XP level 3. HP: 16/27 MP: 0/0
   491 | D:1      | Learned a level 1 spell: Sandblast
  1106 | D:2      | Reached XP level 4. HP: 25/32 MP: 0/0
  1739 | D:2      | Found Orraanwist's Vocational Training.
  1782 | D:2      | Reached XP level 5. HP: 32/38 MP: 0/0
  1782 | D:2      | Learned a level 2 spell: Static Discharge
  2102 | D:3      | Found Veamesse's Book Shoppe.
  2230 | D:3      | Found a faded altar of an unknown god.
  2609 | D:4      | Found a stormy altar of Qazlal.
  2612 | D:4      | Noticed Edmund
  2623 | D:4      | Killed Edmund
  2624 | D:4      | Reached XP level 6. HP: 4/45 MP: 0/0
  2628 | D:4      | Became a worshipper of Qazlal Stormbringer
  2811 | D:4      | Reached skill level 1 in Ranged Weapons
  3279 | D:4      | Noticed Ijyb
  3287 | D:4      | Reached XP level 7. HP: 18/50 MP: 0/0
  3287 | D:4      | Learned a level 3 spell: Frozen Ramparts
  3287 | D:4      | Killed Ijyb
  3938 | D:4      | Identified the +3 flail "Lurched" {venom, Dex+3}
  4013 | D:5      | Entered Level 5 of the Dungeon
  4013 | D:5      | Noticed a water moccasin
  4022 | D:5      | Killed a water moccasin
  4058 | D:5      | Found a bloodstained altar of Trog.
  4070 | D:5      | Found a staircase to the Ecumenical Temple.
  4112 | D:5      | Reached * piety under Qazlal
  4231 | D:5      | Reached skill level 1 in Maces & Flails
  4352 | D:5      | Reached XP level 8. HP: 45/58 MP: 0/0
  4362 | D:5      | Noticed Sigmund
  4371 | D:5      | Killed Sigmund
  4541 | D:5      | Reached skill level 5 in Spellcasting
  4739 | D:5      | Reached skill level 5 in Fighting
  5354 | D:6      | Reached XP level 9. HP: 48/65 MP: 0/0
  5354 | D:6      | Learned a level 3 spell: Vhi's Electric Charge
  5426 | D:6      | Found an ornate altar of the Wu Jian Council.
  5749 | D:6      | Reached skill level 5 in Dodging
  5973 | D:7      | Found Sebbuoli's Jewellery Shop.
  6042 | D:7      | Noticed Pikel
  6054 | D:7      | Killed Pikel
  6252 | D:7      | Found Gunk's Weapon Shoppe.
  6344 | D:7      | Found Feollow's Weapon Emporium.
  6555 | D:7      | Slain by an ice beast

Illustrated notes

Levels and vault maps discovered:
D:1:      psy_arrival_whirlpool, layout_loops_ring,
          chequers_serial_rivers_room_b, minmay_tall_x
D:2:      layout_loops_corners, nicolae_shop_vocational
D:3:      layout_basic, serial_shops,
          nicolae_shop_temple_entry_statues_fountains,
          hellmonk_ecumenical_altar_inner_sanctum, kennysheep_boxes
D:4:      layout_basic, grunt_qazlal_clouds, serial_co_window_serial,
          co_window_corner_a, co_window_corner_a, co_window_corner_a,
          co_window_corner_a, co_window_paths_a, co_window_paths_a,
          co_window_paths_b, co_window_corner_a, co_window_of_opportunity_a,
          co_window_2corner, co_window_2corner, co_window_broadway_c,
          glass_columns_b, glass_columns_b, glass_columns_b, glass_columns_b,
          glass_columns_a, saegor_snake_ambush, uniq_ijyb, uniq_edmund
D:5:      layout_loops_ring, mainiacjoe_overflow_surrounded_room, temple_pool_b,
          uniq_sigmund
D:6:      layout_basic, nicolae_wu_jian_glorious_leap
D:7:      layout_basic, serial_shops, nicolae_shop_gaudy_bauble, shop, shop,
          shop, grunt_decor_clamped, uniq_pikel

Skill      XL: |  1  2  3  4  5  6  7  8  9 |
---------------+----------------------------+-----
Fighting       | 1 2 3 4 5 6 |  6.6
Stealth        | 2 3 4 |  4.7
Dodging        | 3 4 5 |  5.7
Spellcasting   | 4 5 6 |  6.3
Ranged Weapons | 1 |  1.3
Maces & Flails | 1 2 3 |  3.1

Action                     |  1- 3 |  4- 6 |  7- 9 || total
---------------------------+-------+-------+-------++-------
  Melee: Dagger            |     1 |       |       ||     1
         Flail             |       |       |    51 ||    51
         Punch             |       |       |     1 ||     1
   Fire: Sling             |       |    86 |    12 ||    98
   Cast: Magic Dart        |    60 |    35 |    66 ||   161
         Sandblast         |     2 |       |     5 ||     7
         Searing Ray       |       |    12 |     9 ||    21
         Fulminant Prism   |       |     2 |     4 ||     6
         Frozen Ramparts   |       |       |    16 ||    16
         Iskenderun's Myst |       |       |     8 ||     8
 Armour: Robe              |     1 |    26 |    16 ||    43
  Dodge: Dodged            |    10 |    64 |    74 ||   148
  Block: Other             |       |       |     2 ||     2
